TOP OF THE 1ST |
Fresno Grizzlies batting - Pitching for Nashville Sounds : RHP Carlos Alaniz
|
Pitching: RHP Carlos Alaniz
|
|
Batting: SHB Bryan Johnston
|
0-0: Swinging Strike 0-1: Fly out, F8 (Flyball, 8LS, EV 83.1 MPH)
|
Batting: RHB Xavier Castaneda
|
0-0: Foul Ball, location: 2F 0-1: Foul Ball, location: 2F 0-2: Ball 1-2: Ball 2-2: Strikes out swinging
|
Batting: SHB Paskar Adegoke
|
0-0: Ball 1-0: Foul Ball, location: 2F 1-1: Foul Ball, location: 2F 1-2: Foul Ball, location: 2F 1-2: Strikes out swinging
|
Top of the 1st over - 0 runs, 0 hits, 0 errors, 0 left on base; Fresno 0 - Nashville 0 |
BOTTOM OF THE 1ST |
Nashville Sounds batting - Pitching for Fresno Grizzlies : RHP Kyle McPeak
|
Pitching: RHP Kyle McPeak
|
|
Batting: RHB Jeff Garofalo
|
0-0: Ball 1-0: Ball 2-0: Ball 3-0: Called Strike 3-1: SINGLE (Flyball, 56D, EV 93.8 MPH)
|
Batting: SHB Robert Santiago
|
0-0: Foul Ball, location: 2F 0-1: Called Strike 0-2: Ball 1-2: Ball Wild Pitch! Jeff Garofalo to second 2-2: Ball 3-2: Fly out, F7 (Flyball, 7D, EV 84.4 MPH) Runner from 2nd tags up, SAFE at 3rd, no throw by LF
|
Batting: RHB Tim Cordle
|
0-0: Called Strike 0-1: Ball 1-1: Foul Ball, location: 2F 1-2: Fly out, F8 (Flyball, 78M, EV 90.0 MPH) Runner from 3rd tags up, OUT at HOME! 8-2
|
Bottom of the 1st over - 0 runs, 1 hit, 0 errors, 0 left on base; Fresno 0 - Nashville 0 |
TOP OF THE 2ND |
Fresno Grizzlies batting - Pitching for Nashville Sounds : RHP Carlos Alaniz
|
Batting: RHB Elijah Hunter
|
0-0: Ball 1-0: Called Strike 1-1: Ball 2-1: Ball 3-1: Foul Ball, location: 2F 3-2: Strikes out looking
|
Batting: SHB Troy Kenyon
|
0-0: Ball 1-0: Called Strike 1-1: Ball 2-1: Ball 3-1: Ground out 4-3 (Groundball, 4M, EV 96.2 MPH)
|
Batting: RHB Ramon Castellon
|
0-0: Ball 1-0: Called Strike 1-1: Ball 2-1: Ball 3-1: Foul Ball, location: 2F 3-2: Base on Balls
|
Batting: RHB Nick Deegan
|
0-0: Called Strike 0-1: Ball Wild Pitch! Ramon Castellon to second 1-1: Called Strike 1-2: Foul Ball, location: 2F 1-2: Ball 2-2: Ground out U3 (Groundball, 3, EV 87.5 MPH)
|
Top of the 2nd over - 0 runs, 0 hits, 0 errors, 1 left on base; Fresno 0 - Nashville 0 |
BOTTOM OF THE 2ND |
Nashville Sounds batting - Pitching for Fresno Grizzlies : RHP Kyle McPeak
|
Batting: RHB David Herrera
|
0-0: Ball 1-0: Fly out, F4 (Line Drive, 4M, EV 60.0 MPH)
|
Batting: LHB Tomas Segarra
|
0-0: Ball 1-0: Ball 2-0: Called Strike 2-1: Called Strike 2-2: Foul Ball, location: 2F 2-2: Ball 3-2: Strikes out looking
|
Batting: RHB Wade Diamond
|
0-0: Ball 1-0: Ground out 6-3 (Groundball, 6, EV 101.9 MPH)
|
Bottom of the 2nd over - 0 runs, 0 hits, 0 errors, 0 left on base; Fresno 0 - Nashville 0 |
TOP OF THE 3RD |
Fresno Grizzlies batting - Pitching for Nashville Sounds : RHP Carlos Alaniz
|
Batting: RHB Edgar Trejo
|
0-0: Swinging Strike 0-1: Swinging Strike 0-2: Ball 1-2: Ball 2-2: Fly out, F8 (Flyball, 8RXD, EV 97.5 MPH)
|
Batting: RHB Workneh Lagat
|
0-0: Called Strike 0-1: Swinging Strike 0-2: Ball 1-2: Strikes out looking
|
Batting: SHB Bryan Johnston
|
0-0: Ball 1-0: Ball 2-0: Foul Ball, location: 2F 2-1: Foul Ball, location: 2F 2-2: Ground out 5-3 (Groundball, 6, EV 105.6 MPH)
|
Top of the 3rd over - 0 runs, 0 hits, 0 errors, 0 left on base; Fresno 0 - Nashville 0 |
BOTTOM OF THE 3RD |
Nashville Sounds batting - Pitching for Fresno Grizzlies : RHP Kyle McPeak
|
Batting: SHB D.J. Codd
|
0-0: Foul Ball, location: 2F 0-1: Ball 1-1: Ball 2-1: SINGLE (Groundball, 4D, EV 100.6 MPH)
|
Batting: SHB Ryan Chicoine
|
0-0: Swinging Strike 0-1: SINGLE (Line Drive, 4D, EV 95.6 MPH) D.J. Codd to second
|
Batting: RHB Yonetoshi Muranaka
|
0-0: Swinging Strike 0-1: Swinging Strike 0-2: Strikes out swinging
|
Batting: RHB Jeff Garofalo
|
0-0: Called Strike 0-1: Ball 1-1: Ball 2-1: Foul Ball, location: 2F 2-2: Foul Ball, location: 2F 2-2: Ball 3-2: Fly out, F3 (Popup, 3SF, EV 83.8 MPH)
|
Batting: SHB Robert Santiago
|
0-0: Ground out U3 (Groundball, 3, EV 83.8 MPH)
|
Bottom of the 3rd over - 0 runs, 2 hits, 0 errors, 2 left on base; Fresno 0 - Nashville 0 |
TOP OF THE 4TH |
Fresno Grizzlies batting - Pitching for Nashville Sounds : RHP Carlos Alaniz
|
Batting: RHB Xavier Castaneda
|
0-0: Ball 1-0: Foul Ball, location: 2F 1-1: Called Strike 1-2: Ground out 5-3 (Groundball, 56S, EV 81.2 MPH)
|
Batting: SHB Paskar Adegoke
|
0-0: Ball 1-0: Called Strike 1-1: Swinging Strike 1-2: Foul Ball, location: 2F 1-2: Foul Ball, location: 2F 1-2: Foul Ball, location: 2F 1-2: Ball 2-2: Fly out, F8 (Flyball, 8LS, EV 93.8 MPH)
|
Batting: RHB Elijah Hunter
|
0-0: Swinging Strike 0-1: Ball 1-1: DOUBLE (Line Drive, 78D, EV 99.4 MPH)
|
Batting: SHB Troy Kenyon
|
0-0: Ground out 4-3 (Groundball, 4S, EV 87.5 MPH)
|
Top of the 4th over - 0 runs, 1 hit, 0 errors, 1 left on base; Fresno 0 - Nashville 0 |
BOTTOM OF THE 4TH |
Nashville Sounds batting - Pitching for Fresno Grizzlies : RHP Kyle McPeak
|
Batting: RHB Tim Cordle
|
0-0: Ball 1-0: SINGLE (Groundball, 6M, EV 102.5 MPH) (infield hit)
|
Batting: RHB David Herrera
|
0-0: Ball 1-0: Foul Ball, location: 2F 1-1: Ball 2-1: Ball 3-1: Called Strike 3-2: Grounds into double play, 4-6-3 (Groundball, 34S, EV 82.5 MPH)
|
Batting: LHB Tomas Segarra
|
0-0: Ball 1-0: Ball 2-0: Called Strike 2-1: Called Strike 2-2: SINGLE (Flyball, 5D, EV 87.5 MPH)
|
Batting: RHB Wade Diamond
|
0-0: Ball 1-0: Ball 2-0: Ball 3-0: Fielders Choice at 2nd, 6-4 (Groundball, 56D, EV 89.4 MPH)
|
Bottom of the 4th over - 0 runs, 2 hits, 0 errors, 1 left on base; Fresno 0 - Nashville 0 |
TOP OF THE 5TH |
Fresno Grizzlies batting - Pitching for Nashville Sounds : RHP Carlos Alaniz
|
Batting: RHB Ramon Castellon
|
0-0: Ground out 5-3 (Groundball, 56, EV 85.0 MPH)
|
Batting: RHB Nick Deegan
|
0-0: Ball 1-0: Ball 2-0: Swinging Strike 2-1: Swinging Strike 2-2: Fly out, F8 (Flyball, 8RD, EV 78.8 MPH)
|
Batting: RHB Edgar Trejo
|
0-0: Called Strike 0-1: Fly out, F2 (Popup, 23F, EV 88.1 MPH)
|
Top of the 5th over - 0 runs, 0 hits, 0 errors, 0 left on base; Fresno 0 - Nashville 0 |
BOTTOM OF THE 5TH |
Nashville Sounds batting - Pitching for Fresno Grizzlies : RHP Kyle McPeak
|
Batting: SHB D.J. Codd
|
0-0: Foul Ball, location: 2F 0-1: Ball 1-1: Ball 2-1: Ground out U3 (Groundball, 13, EV 88.1 MPH)
|
Batting: SHB Ryan Chicoine
|
0-0: Called Strike 0-1: Ground out U3 (Groundball, 34, EV 105.0 MPH)
|
Batting: RHB Yonetoshi Muranaka
|
0-0: Called Strike 0-1: Called Strike 0-2: Foul Ball, location: 2F 0-2: Ball 1-2: Foul Ball, location: 2F 1-2: Foul Ball, location: 2F 1-2: Ground out 5-3 (Groundball, 5, EV 78.1 MPH)
|
Bottom of the 5th over - 0 runs, 0 hits, 0 errors, 0 left on base; Fresno 0 - Nashville 0 |
TOP OF THE 6TH |
Fresno Grizzlies batting - Pitching for Nashville Sounds : RHP Carlos Alaniz
|
Batting: RHB Workneh Lagat
|
0-0: Ball 1-0: Ball 2-0: Ground out 1-3 (Groundball, 15S, EV 74.4 MPH)
|
Batting: SHB Bryan Johnston
|
0-0: Called Strike 0-1: Ball 1-1: Foul Ball, location: 2F 1-2: Ball 2-2: Ball 3-2: Base on Balls
|
Batting: RHB Xavier Castaneda
|
0-0: Called Strike 0-1: Fly out, F9 (Line Drive, 89D, EV 94.4 MPH)
|
Batting: SHB Paskar Adegoke
|
0-0: Ball 1-0: Fielders Choice at 2nd, 5-6 (Groundball, 6, EV 77.5 MPH)
|
Top of the 6th over - 0 runs, 0 hits, 0 errors, 1 left on base; Fresno 0 - Nashville 0 |
BOTTOM OF THE 6TH |
Nashville Sounds batting - Pitching for Fresno Grizzlies : RHP Kyle McPeak
|
Batting: RHB Jeff Garofalo
|
0-0: Called Strike 0-1: Called Strike 0-2: Ball 1-2: Strikes out swinging
|
Batting: SHB Robert Santiago
|
0-0: Ball 1-0: Fly out, F2 (Popup, 13S, EV 90.6 MPH)
|
Batting: RHB Tim Cordle
|
0-0: Called Strike 0-1: Ball 1-1: Fly out, F8 (Flyball, 8LM, EV 97.5 MPH)
|
Bottom of the 6th over - 0 runs, 0 hits, 0 errors, 0 left on base; Fresno 0 - Nashville 0 |
TOP OF THE 7TH |
Fresno Grizzlies batting - Pitching for Nashville Sounds : RHP Carlos Alaniz
|
Batting: RHB Elijah Hunter
|
0-0: Ball 1-0: Ball 2-0: Ground out 4-3 (Groundball, 4, EV 89.4 MPH)
|
Batting: SHB Troy Kenyon
|
0-0: Ball 1-0: Ground out 6-3 (Groundball, 6, EV 103.1 MPH)
|
Batting: RHB Ramon Castellon
|
0-0: Called Strike 0-1: Foul Ball, location: 2F 0-2: Ground out 6-3 (Groundball, 6, EV 88.8 MPH)
|
Top of the 7th over - 0 runs, 0 hits, 0 errors, 0 left on base; Fresno 0 - Nashville 0 |
BOTTOM OF THE 7TH |
Nashville Sounds batting - Pitching for Fresno Grizzlies : RHP Kyle McPeak
|
Batting: RHB David Herrera
|
0-0: Ground out 5-3 (Groundball, 56, EV 108.8 MPH)
|
Batting: LHB Tomas Segarra
|
0-0: Ball 1-0: Foul Ball, location: 2F 1-1: Swinging Strike 1-2: Foul Ball, location: 2F 1-2: Strikes out swinging
|
Batting: RHB Wade Diamond
|
0-0: Ball 1-0: Called Strike 1-1: Ball 2-1: Foul Ball, location: 2F 2-2: Ball 3-2: Ground out 4-3 (Groundball, 4, EV 85.6 MPH)
|
Bottom of the 7th over - 0 runs, 0 hits, 0 errors, 0 left on base; Fresno 0 - Nashville 0 |
TOP OF THE 8TH |
Fresno Grizzlies batting - Pitching for Nashville Sounds : RHP Carlos Alaniz
|
Batting: RHB Nick Deegan
|
0-0: Called Strike 0-1: Ball 1-1: Called Strike 1-2: Ball 2-2: Ball 3-2: Foul Ball, location: 2F 3-2: Base on Balls
|
Batting: RHB Edgar Trejo
|
0-0: Sac Bunt to 2L - play at first, batter OUT! 2-3 Nick Deegan to second
|
Pitching: RHP Kevin Endsley
|
|
Batting: RHB Workneh Lagat
|
0-0: Called Strike 0-1: SINGLE (Line Drive, 5D, EV 96.9 MPH) Nick Deegan to third
|
Batting: SHB Bryan Johnston
|
0-0: Swinging Strike 0-1: Called Strike 0-2: Foul Ball, location: 2F 0-2: DOUBLE (Flyball, 7LD, EV 105.6 MPH) Nick Deegan scores Workneh Lagat to third
|
Batting: RHB Xavier Castaneda
|
0-0: Ground out 3-1 (Groundball, 34S, EV 85.0 MPH)
|
Batting: SHB Paskar Adegoke
|
0-0: Reached on error, E1 (Groundball, 13S, EV 69.4 MPH) Workneh Lagat scores Bryan Johnston to third
|
Batting: RHB Elijah Hunter
|
0-0: Ball 1-0: Swinging Strike 1-1: Foul Ball, location: 2F 1-2: Ball 2-2: Strikes out swinging
|
Top of the 8th over - 2 runs, 2 hits, 1 error, 2 left on base; Fresno 2 - Nashville 0 |
BOTTOM OF THE 8TH |
Nashville Sounds batting - Pitching for Fresno Grizzlies : RHP Kyle McPeak
|
Pitching: RHP Bobby Leija
|
|
Batting: SHB D.J. Codd
|
0-0: Foul Ball, location: 2F 0-1: Swinging Strike 0-2: Ball 1-2: Ball 2-2: Strikes out swinging
|
Batting: SHB Ryan Chicoine
|
0-0: Ball 1-0: Ball 2-0: Called Strike 2-1: Swinging Strike 2-2: Foul Ball, location: 2F 2-2: Foul Ball, location: 2F 2-2: Strikes out swinging
|
Batting: RHB Yonetoshi Muranaka
|
0-0: Foul Ball, location: 2F 0-1: Swinging Strike 0-2: Ball 1-2: SINGLE (Line Drive, 8RM, EV 103.8 MPH)
|
Batting: RHB Jeff Garofalo
|
0-0: Ball 1-0: Foul Ball, location: 2F 1-1: SINGLE (Flyball, 3D, EV 88.1 MPH) Yonetoshi Muranaka to second Throwing error, E9 Yonetoshi Muranaka scores Jeff Garofalo to second
|
Batting: SHB Robert Santiago
|
0-0: Called Strike 0-1: Ball 1-1: Foul Ball, location: 2F 1-2: Ball 2-2: Foul Ball, location: 2F 2-2: Strikes out swinging
|
Bottom of the 8th over - 1 run, 2 hits, 1 error, 1 left on base; Fresno 2 - Nashville 1 |
TOP OF THE 9TH |
Fresno Grizzlies batting - Pitching for Nashville Sounds : RHP Kevin Endsley
|
Pitching: RHP Charlie Shook
|
|
Batting: SHB Troy Kenyon
|
0-0: Ball 1-0: Ball 2-0: Ball 3-0: Called Strike 3-1: Fly out, F7 (Line Drive, 7, EV 95.6 MPH)
|
Batting: RHB Ramon Castellon
|
0-0: Called Strike 0-1: SINGLE (Groundball, 56D, EV 98.8 MPH)
|
Batting: RHB Nick Deegan
|
0-0: Called Strike 0-1: Called Strike 0-2: Ball 1-2: Ground out 5-3 (Groundball, 56S, EV 72.5 MPH) Ramon Castellon to second
|
Batting: RHB Edgar Trejo
|
0-0: Called Strike 0-1: Foul Ball, location: 2F 0-2: Ground out 4-3 (Groundball, 4, EV 106.2 MPH)
|
Top of the 9th over - 0 runs, 1 hit, 0 errors, 1 left on base; Fresno 2 - Nashville 1 |
BOTTOM OF THE 9TH |
Nashville Sounds batting - Pitching for Fresno Grizzlies : RHP Bobby Leija
|
Pitching: RHP Josh Holloway
|
|
Now at 1B: Jimmy Edlin
|
|
Batting: RHB Tim Cordle
|
0-0: Called Strike 0-1: Fly out, F8 (Line Drive, 78M, EV 93.1 MPH)
|
Batting: RHB David Herrera
|
0-0: Called Strike 0-1: Ball 1-1: Ground out 6-3 (Groundball, 6, EV 106.2 MPH)
|
Batting: LHB Tomas Segarra
|
0-0: Called Strike 0-1: Swinging Strike 0-2: Ball 1-2: Ball 2-2: Strikes out swinging
|
Bottom of the 9th over - 0 runs, 0 hits, 0 errors, 0 left on base; Fresno 2 - Nashville 1 |
|